 Dungeon Crawl Stone Soup version 0.27-a0-676-gc1da3516c2 (webtiles) character file.

Game seed: 16688032584645591262

219 Gildeon the Shield-Bearer (level 5, -1/49 HPs)
             Began as a Gargoyle Fighter on Mar 18, 2021.
             Slain by an orc
             ... wielding a +0 trident
              (3 damage)
             ... on level 3 of the Dungeon.
             The game lasted 00:05:52 (2841 turns).

Gildeon the Shield-Bearer (Gargoyle Fighter)        Turns: 2841, Time: 00:05:53

Health: -1/49      AC: 11    Str: 20    XL:     5   Next: 96%
Magic:  14/14      EV:  8    Int: 15    God:
Gold:   74         SH:  9    Dex:  9    Spells: 4/4 levels left

rFire    . . .     SeeInvis .   a - +0 flail
rCold    . . .     Faith    .   c - +0 kite shield
rNeg     + . .     Spirit   .   b - +0 scale mail
rPois    ∞         Reflect  .   (no helmet)
rElec    +         Harm     .   (no cloak)
rCorr    .         Rampage  .   (no gloves)
Will     .....                  (no boots)
Stlth    ..........             (no amulet)
HPRegen  0.16/turn              k - +6 ring of intelligence
MPRegen  0.14/turn              l - ring of magical power

@: berserking, very quick
A: AC +4, negative energy resistance 1, electricity resistance, torment
resistance 1, unbreathing 1, petrification resistance
a: no special abilities


You were on level 3 of the Dungeon.
You visited 1 branch of the dungeon, and saw 3 of its levels.

You collected 74 gold pieces.

Inventory:

Hand Weapons
 a - a +0 flail (weapon)
 i - a +0 mace of venom
Armour
 b - a +0 scale mail (worn)
 c - a +0 kite shield (worn)
Jewellery
 k - a +6 ring of intelligence (right hand)
 l - a ring of magical power (left hand)
Scrolls
 e - 2 scrolls of enchant armour {unknown}
 g - 2 scrolls of identify {unknown}
 h - 2 scrolls of teleportation {unknown}
 j - a scroll of acquirement {unknown}
 m - a scroll of enchant weapon {unknown}
Potions
 d - a potion of might
 n - a potion of magic {unknown}


   Skills:
 + Level 4.2 Fighting
 + Level 3.1 Maces & Flails
 + Level 4.2 Armour
 + Level 1.8 Dodging
 + Level 4.3 Shields


You had 4 spell levels left.
You didn't know any spells.
Your spell library contained the following spells:

 Spells                   Type           Power      Damage    Failure   Level
 Magic Dart               Conj           0%         1d3       96%         1
 Blink                    Tloc           N/A        N/A       99%         2
 Call Imp                 Summ           0%         N/A       99%         2
 Slow                     Hex            0%         N/A       99%         2
 Conjure Flame            Conj/Fire      0%         6-21      100%        3
 Mephitic Cloud           Conj/Pois/Air  0%         N/A       100%        3


Dungeon Overview and Level Annotations

Branches:
Dungeon (3/15)

Altars:

Shops:
D:1 =


Innate Abilities, Weirdness & Mutations

Your stone body is resilient. (AC +4)
You are immune to poison.
You resist negative energy. (rN+)
You are resistant to electric shocks. (rElec)
You are resistant to unholy torment.
You can survive without breathing.
You are immune to petrification.


Message History

Your scale mail prevents you from hitting the orc priest.
The orc priest is lightly wounded.
The orc priest hits you but does no damage.
The orc priest casts a cantrip, but nothing happens.
You hit the orc priest but do no damage.
The orc priest is lightly wounded.
A giant cockroach comes into view.
The orc priest closely misses you.
The orc priest hits you with a +0 short sword.
* * * LOW HITPOINT WARNING * * *
You hit the orc priest.
The orc priest is heavily wounded.
An orc comes into view.
The orc priest begins to cast a cantrip, but forgets the words!
The giant cockroach waves its antennae.
You hit the orc priest but do no damage.
The orc priest is heavily wounded.
A bat comes into view.
A frilled lizard comes into view.
You block the orc priest's attack. The orc hits you but does no damage.
The bat moves out of view.
You barely miss the orc priest.
The orc priest is heavily wounded.
The frilled lizard hisses angrily.
You block the orc priest's attack. You block the orc's attack.
The orc priest looks satisfied for a moment.
You block the orc's attack.
You closely miss the orc priest.
The orc priest is heavily wounded.
The orc hits you from afar with a +0 trident.
* * * LOW HITPOINT WARNING * * *
You block the orc priest's attack. You block the orc's attack.
The giant cockroach bites you but does no damage.
The orc barely misses you.
It was a potion of berserk rage.
A red film seems to cover your vision as you go berserk!
You feel yourself moving faster!
You feel mighty! You block the orc priest's attack.
The giant cockroach closely misses you. You block the orc's attack.
The orc hits you from afar with a +0 trident.
You die...

.##.####.............
.................#.
.....####...÷....## #
.##...............#.#
.....#>...........#.#
....................##
#.##.................#
................Bo...#..
................@ool...<
.###............#o...#..
.# #............#....#
## #...##########....# #
##### #####


You could see an orc priest, 3 orcs, a giant cockroach and a frilled lizard.

Vanquished Creatures
  A phantom (D:2)
  Terence (D:2)
  5 adders (D:3)
  A worm (D:2)
  3 dart slugs
  A leopard gecko (D:2)
  6 bats
  4 giant cockroaches
  10 goblins
  4 hobgoblins
  5 jackals (D:2)
  6 kobolds
  3 quokkas
  4 ball pythons
  3 frilled lizards
  6 rats
63 creatures vanquished.

Notes
Turn   | Place    | Note
-------+----------+-------------------------------------------
     0 | D:1      | Gildeon the Gargoyle Fighter began the quest for the Orb.
     0 | D:1      | Reached XP level 1. HP: 14/14 MP: 1/1
   239 | D:1      | Reached XP level 2. HP: 15/19 MP: 2/2
   469 | D:1      | Found Uquog's Jewellery Boutique.
   717 | D:1      | Reached XP level 3. HP: 23/23 MP: 3/3
  1311 | D:2      | Noticed Terence
  1318 | D:2      | Killed Terence
  1319 | D:2      | Reached skill level 1 in Dodging
  1319 | D:2      | Reached XP level 4. HP: 19/29 MP: 4/4
  1666 | D:2      | Noticed a phantom
  1685 | D:2      | Killed a phantom
  1686 | D:2      | Reached XP level 5. HP: 14/33 MP: 5/5
  2840 | D:3      | HP: 1/33 [orc/+0 trident (3)]
  2841 | D:3      | Slain by an orc

Illustrated notes

Levels and vault maps discovered:
D:1:      erik_arrival_blinker_ship, layout_basic, serial_shops,
          nicolae_shop_competitors_out_of_business, minmay_heptomino_w4
D:2:      layout_basic, serial_forest, infiniplex_forest_lined_room_2,
          infiniplex_forest_clump_double, infiniplex_forest_join,
          infiniplex_forest_zigzag_1, infiniplex_forest_lined_room_2,
          infiniplex_forest_clump_long, uniq_terence
D:3:      layout_rooms

Skill      XL: |  1  2  3  4  5 |
---------------+----------------+-----
Dodging        | 1 |  1.8
Fighting       | 4 |  4.2
Armour         | 4 |  4.2
Shields        | 4 |  4.3
Maces & Flails | 3 |  3.1

Action                   |  1- 3 |  4- 6 || total
-------------------------+-------+-------++-------
Melee: Flail             |   162 |   117 ||   279
  Use: Potion            |       |     1 ||     1
Armor: Scale mail        |   111 |    64 ||   175
Dodge: Dodged            |    67 |    52 ||   119
Block: Kite shield       |   117 |    83 ||   200

Table legend: (Time is in decaauts)
 A = Elapsed time spent in this place.
 B = Non-inter-level travel time spent in this place.
 C = Inter-level travel time spent in this place.
 D = Time resting spent in this place.
 E = Time spent auto-exploring this place.
 F = Levels seen in this place.
 G = Mean time per level.
                   A        B        C        D        E       F      G
               +--------+--------+--------+--------+--------+-----+--------+
         Total |   2979 |   2936 |     43 |      4 |   2252 |   3 |  993.0 |
       Dungeon |   2979 |   2936 |     43 |      4 |   2252 |   3 |  993.0 |
               +--------+--------+--------+--------+--------+-----+--------+

Top non-repeatable levels by time:
     D:2: 1225 daAuts
     D:1: 1109 daAuts
     D:3: 644 daAuts
